Map: Kairos Junction LE

Players

Reynor - Winner!

  • Race: Zerg Zerg
  • Spawn Location: 5:00

Nerchio

  • Race: Zerg Zerg
  • Spawn Location: 11:00

Event: 2019 WCS Summer

VOD

Have the link to the VOD?

Description

Time

  • Played on: July 13, 2019, 12:31 p.m.
  • Length: 12:54

All games in this series

Show
View Real Time Build Order
Export as new Build Order

Reynor Zerg - Winner!

Build Orders: Hatch First, Lurkers 

Get SALT Encoding   

  12  0:00  Drone  
  13  0:11  Overlord  
  13  0:16  Drone  
  14  0:30  Drone x2  
  16  0:48  Hatchery  
  15  0:50  Drone  
  15  0:55  Drone  
  17  0:58  Drone  
  18  1:09  Extractor  
  17  1:13  Spawning Pool  
  17  1:17  Drone  
  17  1:20  Drone  
  18  1:27  Drone  
  19  1:38  Drone  
  20  1:49  Drone  
  21  1:59  Overlord  
  21  2:00  Drone, Queen x2  
  26  2:10  Drone x2  
  28  2:20  Drone  
  28  2:21  Drone  
  30  2:32  Drone  
  30  2:33  Drone  
  30  2:35  Queen  
  34  2:37  Lair  
  34  2:42  Overlord  
  34  2:43  Drone  
  35  2:50  Evolution Chamber  
  34  2:53  Drone  
  34  2:54  Drone  
  36  3:04  Zergling x2  
  37  3:06  Drone  
  37  3:10  Drone, Roach Warren  
  37  3:11  Drone x2  
  40  3:13  Drone x3  
  40  3:16  Zerg Missile Weapons Level 1  
  43  3:20  Overlord  
  43  3:23  Drone  
  43  3:25  Extractor  
  43  3:27  Extractor  
  43  3:28  Evolution Chamber  
  43  3:32  Drone  
  43  3:33  Drone  
  43  3:36  Overseer  
  43  3:41  Drone x4  
  46  3:45  Drone x2  
  46  3:48  Drone  
  50  3:49  Drone  
  50  3:53  Glial Reconstitution  
  50  3:58  Overlord  
  50  4:00  Roach  
  52  4:08  Overlord  
  52  4:15  Overlord  
  52  4:18  Roach x4  
  60  4:26  Overlord  
  60  4:28  Roach x3  
  66  4:36  Roach x2  
  74  4:45  Roach x2  
  74  4:46  Roach  
  76  4:55  Roach x2  
  76  4:57  Hatchery  
  79  5:01  Drone x2  
  79  5:02  Extractor  
  79  5:05  Overlord  
  79  5:06  Roach  
  82  5:11  Zerg Missile Weapons Level 2  
  82  5:12  Roach  
  82  5:13  Overlord  
  84  5:21  Overlord  
  84  5:25  Roach x3  
  90  5:28  Overlord  
  90  5:33  Roach x2  
  94  5:39  Overlord  
  94  5:40  Roach  
  96  5:46  Roach x3  
  102  5:51  Drone x2  
  102  5:56  Roach  
  106  6:02  Roach x3  
  112  6:05  Drone  
  112  6:08  Roach x3  
  119  6:13  Roach x2  
  119  6:17  Overlord  
  123  6:25  Ravager x2  
  125  6:26  Drone x3  
  125  6:30  Roach  
  125  6:32  Ravager  
  129  6:33  Drone, Overlord  
  129  6:35  Extractor  
  129  6:36  Drone x2  
  129  6:37  Extractor  
  129  6:39  Drone  
  131  6:42  Pneumatized Carapace  
  131  6:46  Zerg Ground Armor Level 1  
  131  6:49  Drone  
  131  6:50  Drone  
  131  6:52  Roach  
  135  6:56  Overlord  
  135  6:59  Roach x2  
  139  7:07  Hydralisk Den  
  139  7:08  Queen  
  138  7:13  Roach  
  138  7:15  Overlord x2  
  138  7:17  Drone x3  
  138  7:22  Ravager  
  142  7:24  Drone x3  
  142  7:25  Overseer  
  145  7:30  Overlord x2  
  145  7:37  Hydralisk x2  
  145  7:38  Hydralisk  
  145  7:41  Hydralisk  
  153  7:47  Hydralisk x2  
  157  7:55  Drone x3  
  157  7:57  Roach x2  
  164  8:01  Roach x2  
  164  8:02  Roach  
  170  8:06  Muscular Augments  
  170  8:14  Lurker Den  
  170  8:16  Roach x4  
  170  8:19  Overlord  
  177  8:28  Overlord  
  177  8:30  Overlord  
  177  8:36  Overlord  
  177  8:44  Roach x4  
  177  8:46  Overlord  
  177  8:48  Roach x4  
  193  8:54  Drone  
  194  8:55  Infestation Pit  
  194  9:01  Hydralisk x2  
  194  9:02  Hatchery  
  194  9:22  Roach  
  194  9:23  Roach x2  
  200  9:29  Roach x3  
  192  9:33  Roach x8  
  192  9:36  Roach x5  
  177  9:40  Roach  
  177  9:41  Roach  
  158  9:45  Roach x2  
  158  9:46  Roach  
  158  9:51  Roach x2  
  148  9:54  Roach x2  
  148  9:58  Roach x2  
  144  10:04  Lurker x4  
  144  10:09  Hive  
  144  10:18  Roach x5  
  154  10:23  Roach x2  
  154  10:28  Hydralisk x2  
  158  10:34  Roach x4  
  170  10:36  Roach  
  170  10:39  Roach  
  170  10:41  Roach  
  152  10:49  Roach x4  
  145  10:52  Roach x2  
  145  10:55  Roach  
  145  10:56  Roach  
  142  11:00  Hydralisk x2  
  142  11:10  Hydralisk x2  
  146  11:18  Hydralisk  
  148  11:22  Adaptive Talons  
  148  11:27  Lurker  
  148  11:28  Lurker  
  150  11:34  Drone x4  
  150  11:38  Lurker x2  
  156  11:41  Roach  
  156  11:42  Roach x7  
  156  11:43  Lurker  
  173  11:49  Roach x3  
  179  11:55  Roach x3  
  179  11:59  Roach x2  
  189  12:05  Roach x2  
  189  12:06  Roach x2  
  197  12:09  Roach  
  197  12:25  Extractor  
  197  12:26  Extractor  
  197  12:28  Roach x2  
Show
View Real Time Build Order
Export as new Build Order

Nerchio Zerg 

Build Orders: Hatch First 

Get SALT Encoding   

  12  0:00  Drone  
  13  0:12  Overlord  
  13  0:16  Drone  
  14  0:30  Drone x2  
  16  0:48  Hatchery  
  15  0:51  Drone  
  15  0:55  Drone  
  17  1:09  Spawning Pool  
  16  1:12  Drone  
  16  1:14  Extractor  
  16  1:17  Drone  
  17  1:32  Drone x2  
  19  1:39  Drone  
  20  1:49  Overlord  
  20  1:55  Queen  
  20  2:00  Queen  
  20  2:01  Drone  
  25  2:05  Drone  
  26  2:13  Metabolic Boost  
  26  2:16  Zergling x4  
  26  2:22  Drone x2  
  30  2:39  Hatchery  
  30  2:41  Drone  
  30  2:45  Drone  
  30  2:46  Drone  
  30  2:50  Overlord  
  32  2:57  Drone x2  
  34  3:05  Drone x2  
  36  3:11  Drone x3  
  36  3:12  Evolution Chamber  
  38  3:13  Drone  
  38  3:19  Overlord  
  39  3:21  Drone  
  39  3:22  Zergling x2  
  39  3:24  Zergling x2  
  42  3:31  Zergling x2  
  43  3:37  Queen  
  43  3:38  Zergling x2  
  46  3:41  Zerg Missile Weapons Level 1  
  46  3:49  Drone x3, Roach Warren  
  46  3:51  Extractor  
  46  3:52  Drone, Extractor  
  46  3:53  Drone  
  49  3:55  Drone  
  49  3:57  Drone  
  49  4:00  Drone  
  51  4:06  Overlord  
  51  4:15  Overlord  
  51  4:27  Drone x3  
  51  4:28  Lair  
  54  4:33  Roach x5  
  54  4:34  Roach  
  66  4:39  Overlord  
  66  4:44  Drone  
  66  4:45  Drone  
  68  4:48  Overlord x2  
  68  4:50  Roach  
  69  4:58  Roach x3  
  75  5:11  Roach x5  
  85  5:15  Drone x2  
  85  5:21  Extractor  
  86  5:22  Roach x3  
  91  5:29  Roach x3  
  91  5:32  Overlord  
  91  5:33  Drone  
  97  5:42  Zerg Missile Weapons Level 2  
  97  5:44  Overlord  
  97  5:55  Drone x3  
  97  5:56  Drone x5, Glial Reconstitution  
  105  5:59  Extractor, Overlord  
  105  6:03  Overlord  
  102  6:10  Roach x2  
  102  6:11  Roach  
  108  6:15  Overseer  
  110  6:18  Roach  
  110  6:19  Roach  
  110  6:22  Roach x2  
  110  6:25  Ravager x2  
  117  6:27  Roach x2  
  117  6:32  Roach x2  
  125  6:33  Roach  
  125  6:36  Roach  
  125  6:38  Overlord  
  129  6:42  Overlord  
  129  6:45  Ravager  
  130  6:54  Overlord  
  130  7:00  Extractor, Roach x2  
  143  7:01  Roach  
  143  7:04  Roach x4  
  143  7:07  Overlord  
  143  7:13  Roach x3  
  143  7:15  Ravager  
  148  7:27  Hatchery  
  147  7:33  Roach x4  
  155  7:39  Overlord  
  155  7:43  Overlord x2  
  155  7:54  Overlord  
  155  7:57  Roach  
  155  7:58  Zerg Ground Armor Level 1, Roach  
  159  7:59  Roach  
  159  8:02  Roach  
  159  8:04  Roach  
  165  8:07  Roach  
  165  8:10  Roach  
  165  8:12  Ravager  
  171  8:13  Ravager  
  171  8:22  Queen x2  
  173  8:28  Roach x2  
  173  8:31  Overlord  
  177  8:46  Roach x5  
  177  8:47  Roach  
  189  8:49  Roach  
  189  8:52  Roach  
  189  8:54  Roach  
  195  8:56  Ravager x2  
  195  8:59  Roach  
  199  9:09  Overseer  
  199  9:10  Overseer  
  174  9:35  Roach x14  
  174  9:38  Roach  
  166  9:40  Roach  
  152  9:48  Roach  
  152  9:49  Roach x3  
  152  9:50  Roach  
  148  9:57  Roach x3  
  148  10:01  Roach x2  
  148  10:03  Roach  
  148  10:05  Roach  
  156  10:07  Roach  
  156  10:11  Roach x2  
  156  10:12  Ravager  
  156  10:13  Ravager x2  
  162  10:14  Ravager  
  162  10:16  Roach  
  162  10:18  Roach  
  162  10:20  Roach  
  168  10:23  Roach  
  168  10:28  Roach x2  
  174  10:29  Roach  
  174  10:32  Roach  
  174  10:34  Roach  
  176  10:39  Roach  
  150  10:47  Roach x2  
  150  10:48  Roach x4  
  144  10:53  Roach x2  
  144  10:55  Roach  
  132  10:58  Roach  
  132  11:00  Roach  
  132  11:01  Roach  
  129  11:04  Roach  
  129  11:06  Roach  
  129  11:08  Roach  
  129  11:11  Roach  
  135  11:13  Roach  
  135  11:15  Roach  
  135  11:18  Roach  
  139  11:19  Roach  
  139  11:20  Ravager  
  139  11:22  Ravager  
  139  11:23  Roach  
  145  11:26  Roach  
  145  11:29  Roach  
  145  11:31  Roach  
  151  11:35  Roach  
  151  11:38  Roach  
  157  11:40  Roach  
  157  11:43  Roach  
  157  11:45  Roach  
  161  11:48  Roach  
  161  11:53  Roach x2  
  167  11:57  Roach  
  167  11:58  Roach  
  171  12:03  Roach x2  
  171  12:05  Roach  
  177  12:09  Roach  
  177  12:10  Roach  
  177  12:14  Roach  
  177  12:15  Roach  
  185  12:17  Ravager x2  
  185  12:18  Ravager  
  185  12:20  Roach  
  190  12:24  Overlord  
  190  12:25  Overseer  
  190  12:28  Roach  
  190  12:29  Overseer  
  190  12:43  Ravager x3  
Tags
 
Add a new tag
Caveats
  • Supply blocks, unpowered buildings, or Contaminate may cause inaccurate times.
  • Supply counts are checked every 10 seconds.